AoeStats
← boringstorm

Hideout

509500738Analyzed
1v1 RM · 4d ago on Sep 27, 2026· 44m 40s· 2 players
Game mode
Random Map
Map size
Tiny (2 player)
Population
200
Speed
Normal
Resources
Standard
Victory
Conquest
Starting age
Dark Age
Ending age
Imperial Age
RankedLock teamsTeams togetherTeam positionsShared explorationLock speedFull tech treeHidden civsTurbo modeCheats
Victory
Defeat
🇺🇸 Poles · United States
901
+17
🇬🇧 Lithuanians · United Kingdom
925
-17
boringstorm
12:02 Feudal Age
13:22 Loom
16:05 Castle Age
15:15 Double-Bit Axe
18:04 Bloodlines
18:45 Husbandry
18:36 Horse Collar
20:52 Szlachta Privileges
27:03 Wheelbarrow
26:33 Heavy Plow
27:52 Forging
29:04 Bow Saw
32:08 Scale Barding Armor
34:41 Hand Cart
36:18 Chain Barding Armor
40:18 Imperial Age
40:30 Iron Casting
39:57 Gold Mining
40:28 Town Watch
40:35 Cavalier
43:07 Blast Furnace
43:03 Crop Rotation
43:01 Town Patrol
swinchstep
7:23 Loom
10:01 Feudal Age
10:32 Double-Bit Axe
13:06 Horse Collar
17:53 Castle Age
17:32 Bloodlines
19:14 Bow Saw
19:49 Husbandry
21:03 Heavy Plow
22:22 Scale Barding Armor
22:54 Forging
35:57 Iron Casting
35:43 Chain Barding Armor
38:06 Town Watch
42:38 Imperial Age
41:45 Wheelbarrow
41:42 Town Patrol
42:44 Padded Archer Armor
43:58 Plate Barding Armor
43:58 Cavalier
45:18 Crop Rotation
Connection lost

Rejoining the realm…

Still unreachable

The connection could not be restored.

Session expired

The server has moved on; the page needs a fresh start.